 Dungeon Crawl Stone Soup version 0.28-a0-1444-g6c55d0bc0c (webtiles) character file.

Game seed: 6348489273147114588

1915 Froggeryz the Slicer (level 9, -1/56 HPs)
             Began as an Octopode Berserker on Jan 10, 2022.
             Was an Elder of Trog.
             Slain by a gnoll shaman (10 damage)
             ... in a bailey.
             The game lasted 00:07:19 (6560 turns).

Froggeryz the Slicer (Octopode Berserker)           Turns: 6560, Time: 00:07:20

Health: -1/56      AC:  1    Str: 18    XL:     9   Next: 16%
Magic:  9/9        EV:  8    Int: 10    God:    Trog [****..]
Gold:   179        SH:  0    Dex: 13    Spells: 8/8 levels left

rFire   . . .      SeeInvis .   v - +2 dagger (venom)
rCold   . . .      Faith    .   (no shield)
rNeg    . . .      Spirit   .   (helmet restricted)
rPois   .          Reflect  .   b - amulet of the acrobat
rElec   .          Harm     .   (no ring)
rCorr   .          Rampage  .   (no ring)
Will    .....                   (no ring)
Stlth   +++++.....              (no ring)
HPRegen 0.18/turn               (no ring)
MPRegen 0.11/turn               (no ring)
                                (no ring)
                                (no ring)

@: held
A: almost no armour, amphibious, 8 rings, camouflage 1, gelatinous body 1,
nimble swimmer 1, tentacles
a: Renounce Religion, Berserk, Trog's Hand, Brothers in Arms


You were in a bailey.
You worshipped Trog.
Trog was greatly pleased with you.
You visited 1 branch of the dungeon, and saw 7 of its levels.
You also visited: Bailey.

You collected 223 gold pieces.
You spent 44 gold pieces at shops.

Inventory:

Hand Weapons
 a - a +0 short sword
 v - a +2 dagger of venom (weapon)
Missiles
 j - 2 boomerangs (quivered)
 l - 2 javelins
 x - a throwing net
Jewellery
 b - an amulet of the acrobat (around mantle)
 h - a +6 ring of strength
Wands
 e - a wand of iceblast (16)
 q - a wand of polymorph (9)
 t - a wand of charming (9)
Scrolls
 d - a scroll of enchant weapon {unknown}
 g - 3 scrolls of immolation
 k - 2 scrolls of magic mapping
 o - a scroll of holy word {unknown}
 p - a scroll of noise
 r - a scroll of vulnerability {unknown}
 s - a scroll of torment {unknown}
 u - a scroll of identify
 w - a scroll of fog {unknown}
Potions
 c - a potion of resistance {unknown}
 f - 2 potions of attraction {unknown}
 i - 2 potions of might {unknown}
 m - a potion of berserk rage {unknown}
 n - 3 potions of curing


   Skills:
 - Level 3.0 Fighting
 * Level 10.0 Short Blades
 + Level 5.7 Dodging
 - Level 6.3 Stealth


You had 8 spell levels left.
You didn't know any spells.
Your spell library was empty.

Dungeon Overview and Level Annotations

Branches:
Dungeon (7/15)             Temple (0/1) D:5          Bailey (1/1)

Altars:
Gozag
Makhleb
Trog
Yredelemnul

Shops:
D:4 !((:

Annotations:
D:6 3 runed translucent doors, anet's ghost, novice HOCj


Innate Abilities, Weirdness & Mutations

You cannot wear most types of armour.
You are amphibious.
You can wear up to eight rings at the same time.
Your skin changes colour to match your surroundings (Stealth+).
Your rubbery body absorbs attacks. (AC +1, EV +1)
You are camouflaged when in or above water. (Stealth+)
You have tentacles for arms and can constrict up to eight enemies at once.


Message History

Trog accepts your kill.
You hear a shout! x6
Your Short Blades skill increases to level 10!
You start resting.
A gnoll is nearby!
Things that are here:
a +0 halberd; a +0 chain mail; a gnoll corpse A wolf comes into view.
Things that are here:
a +0 trident; a +0 scale mail; a gnoll corpse You see here 2 javelins.
l - 2 javelins A gnoll shaman comes into view.
It is wielding a +0 spear.
The gnoll shaman shouts!
You hear a shout!
A gnoll comes into view. It is wielding a +0 trident.
The gnoll shaman completely misses you. The gnoll completely misses you.
The gnoll shaman hits you with a +0 spear!
The gnoll shouts!
You hit the gnoll shaman but do no damage.
You grab the gnoll shaman. You constrict the gnoll shaman.
The gnoll closely misses you.
You hit the gnoll shaman but do no damage.
The gnoll shaman is poisoned.
You squeeze the gnoll shaman!
The gnoll shaman is heavily wounded.
You constrict the gnoll shaman.
The gnoll throws a throwing net.
The throwing net hits you.
You become entangled in the net!
You hear a splash.
The gnoll shaman hits you with a +0 spear!
You are held in a net!
You struggle against the net.
You constrict the gnoll shaman.
The gnoll hits you from afar with a +0 trident!
The gnoll shaman hits you with a +0 spear!
* * * LOW HITPOINT WARNING * * *
You struggle against the net.
You constrict the gnoll shaman, but do no damage.
The gnoll hits you from afar with a +0 trident!
* * * LOW HITPOINT WARNING * * *
The gnoll shaman hits you with a +0 spear!
You die...

♣≈# ##.g.## ♣≈#
##g## ♣≈# #)..#
♣≈## #...# ♣≈)#
#...#
♣≈)######'''######
♣≈................
♣≈≈....g..........
♣♣≈≈≈≈@≈≈g..≈≈≈≈≈≈
♣♣.....gh).......
♣♣♣...........♣♣
♣♣.......♣♣♣♣
♣♣♣♣.∩.♣♣ ♣♣.♣♣
♣.♣ ♣∩♣ ###


You could see a wolf, a gnoll shaman (very poisoned) and 2 gnolls.

Vanquished Creatures
  2 ice beasts
  3 ogres
  2 bullfrogs
  A gnoll sergeant (Bailey)
  2 scorpions
  A wyvern zombie (D:4)
  A wyvern skeleton (D:5)
  A vampire bat (D:3)
  A howler monkey (D:6)
  A jelly (D:6)
  2 bullfrog skeletons
  A centaur zombie (D:6)
  7 orc priests
  5 hounds
  A gnoll shaman (Bailey)
  2 iguanas (D:4)
  4 orc wizards
  4 adders
  13 gnolls
  An ufetubus (D:6)
  An adder skeleton (D:4)
  A worm (D:3)
  A dart slug (D:1)
  3 fire bats (D:3)
  11 orcs
  2 spectral bats (D:3)
  9 ball pythons
  14 bats
  3 bat skeletons (D:3)
  A bat zombie (D:3)
  4 endoplasms
  5 giant cockroaches (D:4)
  13 goblins
  6 hobgoblins
  4 jackals
  6 kobolds
  2 quokkas (D:1)
  A bat simulacrum (D:3)
  2 frilled lizards
  3 rats
147 creatures vanquished.

Vanquished Creatures (others)
  6 fungi (D:4)
  3 plants (D:5)
9 creatures vanquished.

Grand Total: 156 creatures vanquished

Notes
Turn   | Place    | Note
-------+----------+-------------------------------------------
     0 | D:1      | Froggeryz the Octopode Berserker began the quest for the
                  | Orb.
     0 | D:1      | Reached XP level 1. HP: 16/16 MP: 1/1
   141 | D:1      | Reached skill level 1 in Stealth
   142 | D:1      | You fall into a shaft and drop 1 floor!
   171 | D:2      | Reached XP level 2. HP: 21/21 MP: 2/2
   235 | D:1      | Found a faded altar of an unknown god.
  1068 | D:2      | Reached XP level 3. HP: 24/26 MP: 3/3
  1070 | D:2      | Reached skill level 4 in Short Blades
  1351 | D:2      | Reached XP level 4. HP: 31/31 MP: 4/4
  1458 | D:2      | Reached ** piety under Trog
  1684 | D:3      | Found an opulent altar of Gozag.
  2093 | D:3      | Reached XP level 5. HP: 26/36 MP: 5/5
  2651 | D:3      | Reached skill level 5 in Short Blades
  2728 | D:3      | Reached XP level 6. HP: 22/42 MP: 6/6
  3376 | D:4      | Reached skill level 6 in Short Blades
  3450 | D:4      | Found Kaikhamy's Weapon Emporium.
  3577 | D:4      | Reached skill level 5 in Stealth
  3664 | D:4      | Found Qufaeh's Antique Weapon Emporium.
  3665 | D:4      | Found Heischusm's Book Shoppe.
  3884 | D:4      | Reached XP level 7. HP: 45/46 MP: 7/7
  3887 | D:4      | Found Wefus's Distillery.
  3891 | D:4      | Bought a potion of curing for 33 gold pieces
  3891 | D:4      | Bought a potion of degeneration for 11 gold pieces
  3998 | D:4      | Reached skill level 7 in Short Blades
  4159 | D:4      | Reached *** piety under Trog
  4168 | D:4      | Found a basalt altar of Yredelemnul.
  4356 | D:4      | Reached XP level 8. HP: 52/52 MP: 8/8
  4596 | D:5      | Entered Level 5 of the Dungeon
  4614 | D:5      | Reached skill level 8 in Short Blades
  4908 | D:5      | Found a staircase to the Ecumenical Temple.
  5279 | D:6      | Reached skill level 9 in Short Blades
  5492 | D:6      | Reached skill level 5 in Dodging
  5688 | D:6      | Found a runed translucent gate.
  5690 | D:6      | Found a runed translucent gate.
  5690 | D:6      | Noticed a komodo dragon
  5691 | D:6      | Found a runed translucent gate.
  5691 | D:6      | Noticed anet's ghost (novice HOCj)
  5694 | D:6      | Noticed a troll
  5783 | D:6      | Found a bloodstained altar of Trog.
  5928 | D:6      | Found a burning altar of Makhleb.
  5935 | D:6      | Reached XP level 9. HP: 56/56 MP: 9/9
  6106 | D:7      | Found a flagged portal.
  6125 | Bailey   | Entered a bailey
  6327 | Bailey   | Reached **** piety under Trog
  6372 | Bailey   | Reached skill level 10 in Short Blades
  6560 | Bailey   | Slain by a gnoll shaman

Illustrated notes

Levels and vault maps discovered:
D:1:      evilmike_arrival_crescent, layout_rooms,
          nicolae_ecumenical_snake_handling, kennysheep_small_spiral
D:2:      layout_rooms
D:3:      layout_loops_corners, mainiacjoe_overflow_six_doors_small,
          minmay_misc_feat_roman, goddamned_bats
D:4:      layout_loops_ring, kennysheep_little_box, serial_shops,
          nicolae_shop_waterfront, nicolae_shop_behind_doors,
          kennysheep_mini_moat, shop, serial_aquarium, aquarium_bridge_square
          [aquarium_subvault_wall, aquarium_subvault_wall,
          aquarium_subvault_bridge, aquarium_subvault_bridge],
          aquarium_window_corner, aquarium_window_fake, aquarium_window_1,
          aquarium_view_2d, aquarium_pool_split
D:5:      layout_basic, minmay_temple_entry_gardened_gates
D:6:      layout_rooms, overflow_temple_1_default,
          mainiacjoe_overflow_boulevard, gammafunk_ghost_split
D:7:      layout_basic, kennysheep_vampire_church, grunt_temple_overflow_open,
          enter_bailey_5, minivault_22, uniq_joseph
Bailey:   bailey_polearm_gnolls_kennysheep, bailey

Skill      XL: |  1  2  3  4  5  6  7  8  9 |
---------------+----------------------------+-----
Stealth        | 1 2 3 4 5 6 |  6.3
Short Blades   | 4 5 6 7 9 10 | 10.0
Dodging        | 5 |  5.7
Fighting       | |  3.0

Action                   |  1- 3 |  4- 6 |  7- 9 || total
-------------------------+-------+-------+-------++-------
Melee: Short sword       |    52 |    22 |     7 ||    81
       Constrict         |    13 |    32 |    38 ||    83
       Tentacles         |    10 |    24 |    54 ||    88
       Punch             |     1 |     2 |     4 ||     7
       Dagger            |       |   136 |   179 ||   315
Throw: Boomerang         |       |       |     6 ||     6
       Javelin           |       |       |     2 ||     2
Invok: Berserk           |     1 |       |     4 ||     5
       Trog's Hand       |       |       |     1 ||     1
Evoke: Wand              |       |       |     1 ||     1
  Use: Scroll            |       |       |     3 ||     3
 Stab: Sleeping          |     3 |    13 |    10 ||    26
       Distracted        |       |       |     1 ||     1
Armor: Skin              |     5 |    35 |     3 ||    43
Dodge: Dodged            |    39 |   167 |    89 ||   295

Table legend: (Time is in decaauts)
 A = Elapsed time spent in this place.
 B = Non-inter-level travel time spent in this place.
 C = Inter-level travel time spent in this place.
 D = Time resting spent in this place.
 E = Time spent auto-exploring this place.
 F = Levels seen in this place.
 G = Mean time per level.
                   A        B        C        D        E       F      G
               +--------+--------+--------+--------+--------+-----+--------+
         Total |   6474 |   6280 |    194 |   1755 |   3522 |   8 |  809.2 |
       Dungeon |   6046 |   5852 |    194 |   1418 |   3522 |   7 |  863.7 |
        Bailey |    428 |    428 |      0 |    337 |      0 |   1 |  428.0 |
               +--------+--------+--------+--------+--------+-----+--------+

Top non-repeatable levels by time:
     D:3: 1668 daAuts
     D:4: 1205 daAuts
     D:5: 948 daAuts
     D:1: 935 daAuts
     D:2: 743 daAuts
     D:6: 487 daAuts
  Bailey: 428 daAuts
     D:7: 58 daAuts
